 Dungeon Crawl Stone Soup version 0.30-a0-738-g116ff8c4af (webtiles) character file.

Game seed: 12041989002974432060

75522 iguanaiguana the Black Sun (level 15, -1/77 HPs)
             Began as a Vine Stalker Delver on Feb 2, 2023.
             Was a High Priest of Kikubaaqudgha.
             Slain by a ghost moth (8 damage)
             ... on level 4 of the Spider Nest on Feb 4, 2023.
             The game lasted 03:19:08 (9646 turns).

iguanaiguana the Black Sun (Vine Stalker Delver)    Turns: 9646, Time: 03:19:08

Health: -1/77      AC: 11    Str: 10 (14) XL:     15   Next: 50%
Magic:  0/32       EV: 14    Int: 29 (31) God:    Kikubaaqudgha [*****.]
Gold:   702        SH: 14    Dex: 22 (27) Spells: 6/38 levels left

rFire   . . .      SeeInvis .    n - +5 trident (vamp)
rCold   + . .      Faith    +    N - +1 kite shield of Fortification {Rampage Regen+ Str+3}
rNeg    . . .      Spirit   +    v - +0 troll leather armour
rPois   +          Reflect  .    u - +2 helmet
rElec   .          Harm     .    m - +2 cloak {rPois}
rCorr   +          Rampage  +    l - +0 pair of gloves
Will    ++...                    (no boots)
Stlth   +++                      i - amulet of faith
HPRegen 2.72/turn                f - ring "Ruegaom" {rC+ Int+6 Dex+10}
MPRegen 0.23/turn                r - ring of Kiuden {rPois Will+ rCorr Str-4 Int+9}

@: about to teleport
A: fangs 3, regeneration 1, magic shield, antimagic bite, no potion heal 2
a: Renounce Religion, Unearth Wretches, Torment


You were on level 4 of the Spider Nest.
You worshipped Kikubaaqudgha.
Kikubaaqudgha was extremely pleased with you.
You visited 4 branches of the dungeon, and saw 22 of its levels.

You collected 2092 gold pieces.
You spent 1390 gold pieces at shops.

Inventory:

Hand Weapons
 b - the +6 trident of Webinuhe {venom, rN+}
   (You found it on level 2 of the Lair of Beasts)

   rN:        It protects you from negative energy.
 n - a +5 vampiric trident (weapon)
 w - a +1 dagger of venom
 J - the +3 hand axe "Kiffus" {venom, Fragile rElec Stlth+}
   (You found it on level 5 of the Lair of Beasts)

   rElec:     It insulates you from electricity.
   Fragile:   It will be destroyed if unequipped.
   Stlth:     It makes you more stealthy.
 S - a +2 demon trident of draining
Missiles
 H - 4 boomerangs
 L - a javelin
 P - 34 poisoned darts
Armour
 l - a +0 pair of gloves (worn)
 m - a +2 cloak of poison resistance (worn)
 u - a +2 helmet (worn)
 v - a +0 troll leather armour (worn)
 N - the +1 kite shield of Fortification (worn) {Rampage Regen+ Str+3}
   (You took it off Donald on level 1 of the Spider Nest)

   Str:       It affects your strength (+3).
   Regen:     It increases your rate of health regeneration.
   Rampage:   It bestows one free step when moving towards enemies.
Magical Staves
 a - a staff of cold
 p - a staff of earth
 z - a staff of air
 B - a staff of conjuration
 U - a staff of poison
Jewellery
 f - the ring "Ruegaom" (left hand) {rC+ Int+6 Dex+10}
   (You bought it in a shop on level 3 of the Dungeon)

   [ring of intelligence]

   Int:       It affects your intelligence (+6).
   Dex:       It affects your dexterity (+10).
   rC:        It protects you from cold.
 i - an amulet of faith (around neck)
 r - the ring of Kiuden (right hand) {rPois Will+ rCorr Str-4 Int+9}
   (You acquired it on level 2 of the Lair of Beasts)

   [ring of resist corrosion]

   Str:       It affects your strength (-4).
   Int:       It affects your intelligence (+9).
   rPois:     It protects you from poison.
   rCorr:     It protects you from acid and corrosion.
   Will:      It increases your willpower.
 s - a ring of wizardry
 E - a +5 ring of evasion
 G - a ring of flight
 R - a ring of willpower
Wands
 g - a wand of digging (7) {@v3}
 A - a wand of polymorph (11)
 I - a wand of flame (17)
 V - a wand of roots (2)
Scrolls
 c - 3 scrolls of fog
 k - 3 scrolls of teleportation {@r3}
 q - a scroll of torment
 C - 6 scrolls of amnesia
 M - a scroll of poison
 O - a scroll of immolation
 Q - a scroll of vulnerability
 W - a scroll of enchant weapon
Potions
 e - 2 potions of mutation
 h - a potion of invisibility
 j - a potion of flight
 o - 2 potions of attraction
 t - 2 potions of might {@q3}
 x - 4 potions of curing {@q1}
 D - a potion of haste {@q4}
 F - 2 potions of lignification
 K - 2 potions of berserk rage
Miscellaneous
 y - a phantom mirror


   Skills:
 - Level 8.0 Fighting
 - Level 2.0 Short Blades
 - Level 6.0 Polearms
 - Level 6.0 Dodging
 - Level 6.1 Stealth
 + Level 9.9 Shields
 - Level 12.0 Spellcasting
 - Level 4.0 Hexes
 - Level 2.7 Summonings
 - Level 13.6 Necromancy
 - Level 9.0 Ice Magic
 - Level 5.0 Earth Magic
 - Level 5.0 Poison Magic


You had 6 spell levels left.
You knew the following spells:

 Your Spells              Type           Power      Damage    Failure   Level
a - Vampiric Draining     Necr           77%        2d11      1%          3
b - Borgnjor's Vile Clut  Necr/Erth      32%        N/A       5%          5
c - Olgreb's Toxic Radia  Pois           46%        N/A       12%         4
d - Animate Dead          Necr           77%        N/A       1%          4
e - Anguish               Hex/Necr       31%        N/A       2%          4
f - Simulacrum            Ice/Necr       35%        N/A       14%         6
g - Blink                 Tloc           34%        N/A       14%         2
x - Dispel Undead         Necr           77%        3d25      1%          4

Your spell library contained the following spells:

 Spells                   Type           Power      Damage    Failure   Level
 Necrotise                Necr           100%       1d9       1%          1
 Slow                     Hex            100%       N/A       1%          1
 Cigotuvi's Dreadful Rot  Necr/Pois/Air  100%       N/A       1%          2
 Ensorcelled Hibernation  Hex/Ice        100%       N/A       1%          2
 Agony                    Necr           77%        N/A       1%          5
 Sting                    Tmut/Pois      100%       1d8       3%          1
 Summon Small Mammal      Summ           100%       N/A       3%          1
 Poisonous Vapours        Pois/Air       62%        N/A       4%          2
 Confusing Touch          Hex            40%        N/A       5%          3
 Summon Guardian Golem    Hex/Summ       37%        N/A       7%          3
 Call Canine Familiar     Summ           33%        N/A       9%          3
 Spider Form              Tmut/Pois      31%        N/A       10%         3
 Inner Flame              Hex/Fire       29%        N/A       12%         3
 Cause Fear               Hex            20%        N/A       19%         4
 Manifold Assault         Tloc           17%        N/A       67%         4
 Yara's Violent Unravell  Hex/Tmut       14%        3d7       75%         5
 Blade Hands              Tmut           8%         N/A       95%         5
 Irradiate                Conj/Tmut      8%         3d14      95%         5
 Borgnjor's Revivificati  Necr           38%        N/A       92%         8
 Infestation              Necr           38%        N/A       92%         8
 Haunt                    Necr/Summ      30%        N/A       95%         7
 Dragon Form              Tmut           8%         N/A       100%        7
 Enfeeble                 Hex            20%        N/A       100%        7
 Storm Form               Tmut/Air       8%         N/A       100%        7
 Discord                  Hex            20%        N/A       100%        8
 Necromutation            Tmut/Necr      27%        N/A       100%        8
 Death's Door             Necr           38%        N/A       100%        9


Dungeon Overview and Level Annotations

Branches:
Dungeon (11/15) Zot: 26299  Temple (0/1) D:4            Lair (5/5) D:9 Zot: 25992
 Shoals (0/4) Lair:2       Spider (4/4) Lair:3 Zot: 22662   Slime (0/5) Lair:4
    Orc (2/2) D:11 Zot: 11656
    Elf: Orc:2

Altars:
Cheibriados
Dithmenos
Elyvilon
Kikubaaqudgha
Makhleb
Ru
Sif Muna
Uskayaw
Zin

Shops:
D:3 =   D:5 *

Portals:
Trove: D:11 (give 3 potions of resistance)

Annotations:
D:4 Grinder
D:5 exclusions: ufetubus and upstairs
D:9 1 exclusion
Lair:2 exclusions: 2 lava snakes and orange crystal statue
Lair:4 2 transporters
Orc:2 Azrael


Innate Abilities, Weirdness & Mutations

You have razor-sharp teeth.
Your natural rate of healing is unusually fast.
When hurt, damage is shared between your health and your magic reserves.
Your bite disrupts and absorbs the magic of your enemies.
Potions cannot restore your health.


Message History

Something stings you.
You feel clumsy. Something hits you. x2
You feel dopey. Something stings you! Something hits you.
You feel you are being watched by something.
You feel your power leaking away. Something hits you!
You feel clumsy. Something hits you!
* * * LOW HITPOINT WARNING * * *
You feel clumsy.
Aiming: Fastroot
Press: ? - help, Shift-Dir - straight line The roots erupt in riotous growth!
Something hits you.
* * * LOW HITPOINT WARNING * * *
You feel weakened.
You feel a sense of dread.
n - a +5 vampiric trident (weapon)
You feel you are being watched by something.
Something hits you.
* * * LOW HITPOINT WARNING * * *
Something stings you!
* * * LOW HITPOINT WARNING * * *
Reach: n) +5 trident (vamp)
Press: ? - help, Dir - move target, f - you
Okay, then.
As you read the scroll of teleportation {@r3}, it crumbles to dust.
You feel strangely unstable. Something hits you!
* * * LOW HITPOINT WARNING * * *
You feel weakened.
You can't see any enemies this would affect, really read the scroll of fear?
As you read the scroll of fear, it crumbles to dust.
You assume a fearsome visage.
Nothing appears to happen.
You feel you are being watched by something.
Something hits you!
You die...
Kikubaaqudgha rasps: "You have failed me!
Welcome... death!"

#...........#####
#####.....#.## #.#.#.#..#
###..#..## #......# ####.#.##
####.##.^#### ##<#..#..^...#
#..##.@.##..####
###...{.##<..###.##
###......##Z#####.#.#
#....#.#.#.#^.###...##
###.#.^###^...##.##...#
##.#...#...###.......#.###
##..###....##Z.Z..........##
#.......##.....###.#.##..#.##
#.#...^##.#...## #######....#


There were no monsters in sight!

Vanquished Creatures
  Donald (Spider:1)
  A ghost moth (Spider:4)
  An orc warlord (Orc:2)
  An entropy weaver (Spider:4)
  3 hydras
  A catoblepas (Lair:5)
  3 boulder beetles
  4 death yaks
  An orb spider (Lair:3)
  Pikel (D:5)
  A wolf spider (Spider:1)
  2 elephants (Lair:2)
  4 manticores
  A torpor snail (Lair:3)
  A kobold demonologist (D:10)
  A cane toad (Lair:2)
  2 komodo dragons
  A hornet (D:8)
  Prince Ribbit (Lair:1)
  5 blink frogs
  2 dream sheep (Lair:3)
  3 jumping spiders
  A culicivora (Spider:4)
  14 yaks
  A wraith (D:9)
  3 wyverns
  9 redbacks
  2 vampire mosquitoes (D:11)
  6 water moccasins
  5 orc warriors
  12 wolves
  2 centaurs (D:8)
  A lemure (D:5)
  An ogre (Orc:2)
  3 kobold brigands
  2 necrophages
  A gnoll sergeant (D:5)
  2 scorpions
  3 bullfrogs
  3 wights
  4 electric eels
  2 howler monkeys
  3 hounds
  2 jellies
  5 orc priests
  Crazy Yiuf (D:3)
  Jessica (D:2)
  2 iguanas
  6 orc wizards
  Robin (D:2)
  2 adders
  5 gnolls (D:5)
  A river rat (D:6)
  A shadow imp (D:6)
  4 ufetubi
  A worm (D:4)
  3 dart slugs
  42 orcs
  7 endoplasms
  3 giant cockroaches
  21 goblins
  5 hobgoblins
  5 jackals
  A quokka (D:1)
  5 ball pythons
  5 bats
  2 frilled lizards (D:1)
  21 kobolds
  5 rats
278 creatures vanquished.

Vanquished Creatures (collateral kills)
  Arachne (Spider:2)
  Asterion (Spider:1)
  2 emperor scorpions
  An entropy weaver (Spider:4)
  Harold (Lair:1)
  3 hydras (Lair:5)
  3 catoblepae (Lair:5)
  3 radroaches
  11 death yaks
  3 pharaoh ants
  A sun moth (Spider:4)
  4 orb spiders
  A steelbarb worm (Spider:2)
  7 wolf spiders
  3 black mambas
  An elephant (Lair:2)
  2 demonic crawlers
  5 cane toads
  A komodo dragon (Lair:2)
  2 rime drakes (Lair:2)
  A troll (Orc:2)
  11 tarantellas
  13 blink frogs
  3 culicivoras
  5 jumping spiders (Spider:4)
  A wyvern (D:9)
  2 basilisks
  44 yaks
  20 redbacks
  7 water moccasins
  2 orc warriors
  13 wolves
  4 centaurs
  3 kobold brigands
  7 bullfrogs
  A scorpion (D:7)
  6 killer bees (D:9)
  2 howler monkeys (D:10)
  A jelly (D:7)
  A lava snake (Lair:2)
  3 orc priests
  8 orcs
  A giant cockroach (D:6)
  3 kobolds
218 creatures vanquished.

Vanquished Creatures (others)
  A ghost moth (Spider:3)
  A spark wasp (Spider:1)
  4 entropy weavers
  A hydra (Lair:5)
  2 radroaches
  Erica (Lair:1)
  A boulder beetle (Spider:4)
  A pharaoh ant (Spider:2)
  A steelbarb worm (Spider:3)
  A lindwurm (Lair:5)
  A wolf spider (Spider:2)
  3 wolf spider zombies
  2 orc sorcerers (Orc:2)
  An elephant (Lair:5)
  A torpor snail (Spider:1)
  2 death yak zombies (Lair:5)
  3 cane toads
  An orb spider zombie (Spider:4)
  A komodo dragon (Lair:4)
  7 redback zombies
  2 trolls
  2 hydra zombies (Lair:5)
  A polar bear (Lair:5)
  3 tarantellas (Spider:4)
  3 blink frogs
  2 radroach zombies
  4 tarantella zombies
  5 culicivora zombies
  10 jumping spider zombies
  A slime creature (D:9)
  2 culicivoras
  7 jumping spiders
  10 yaks
  A wyvern (D:9)
  A slime creature zombie (D:9)
  A basilisk (Lair:3)
  A steam dragon (Lair:4)
  3 redbacks
  A vampire mosquito (D:11)
  3 cane toad zombies
  3 entropy weaver zombies
  2 water moccasins
  6 orc warriors
  8 blink frog zombies
  2 manticore zombies
  3 wolves (Lair:2)
  An ogre (D:8)
  An elephant zombie (Lair:5)
  A centaur (Lair:2)
  A kobold brigand (D:10)
  2 bullfrogs
  7 water moccasin zombies
  2 troll zombies
  A polar bear zombie (Lair:5)
  14 yak zombies
  15 wolf zombies
  3 basilisk zombies
  4 bullfrog zombies
  3 centaur zombies
  An orc priest (D:8)
  A killer bee zombie (D:9)
  A kobold zombie (D:9)
  2 ogre zombies
  A howler monkey zombie (D:10)
  2 adders (D:8)
  A jelly zombie (D:6)
  2 adder zombies (D:8)
  3 orcs
  A ball python zombie (D:6)
  A giant cockroach zombie (D:6)
  23 orc zombies
  A rat zombie (D:6)
  27 fungi
  69 plants
314 creatures vanquished.

Grand Total: 810 creatures vanquished

Notes
Turn   | Place    | Note
-------+----------+-------------------------------------------
     0 | D:5      | iguanaiguana the Vine Stalker Delver began the quest for
                  | the Orb.
     0 | D:5      | Reached XP level 1. HP: 11/11 MP: 2/2
    26 | D:5      | Found an ancient bone altar of Kikubaaqudgha.
    31 | D:5      | Became a worshipper of Kikubaaqudgha
    37 | D:5      | Noticed a howler monkey
    67 | D:3      | Found Kaurob's Jewellery Emporium.
   143 | D:2      | Noticed Robin
   180 | D:3      | Reached XP level 2. HP: 16/16 MP: 3/3
   282 | D:2      | Reached skill level 1 in Necromancy
   400 | D:2      | Reached XP level 3. HP: 18/19 MP: 4/4
   467 | D:1      | Reached * piety under Kikubaaqudgha
   467 | D:1      | Received a gift from Kikubaaqudgha
   503 | D:1      | Reached skill level 2 in Necromancy
   803 | D:2      | Noticed Jessica
   810 | D:2      | Killed Jessica
   811 | D:2      | Reached skill level 3 in Necromancy
   811 | D:2      | Gained mutation: Your natural rate of healing is unusually
                  | fast. [Vine Stalker growth]
   811 | D:2      | Reached XP level 4. HP: 23/23 MP: 5/5
   961 | D:1      | Reached ** piety under Kikubaaqudgha
  1120 | D:2      | Killed Robin
  1176 | D:3      | Found a runed translucent door.
  1177 | D:3      | Noticed Crazy Yiuf
  1187 | D:3      | Killed Crazy Yiuf
  1188 | D:3      | Reached skill level 4 in Necromancy
  1188 | D:3      | Reached XP level 5. HP: 28/28 MP: 6/6
  1235 | D:3      | Found a shimmering blue altar of Sif Muna.
  1421 | D:4      | Found a staircase to the Ecumenical Temple.
  1439 | D:3      | Reached skill level 5 in Necromancy
  1471 | D:3      | Reached XP level 6. HP: 32/32 MP: 7/7
  1995 | D:5      | Reached skill level 6 in Necromancy
  2028 | D:5      | Noticed Grinder
  2030 | D:5      | Paralysed by Grinder for 5 turns
  2047 | D:5      | Reached *** piety under Kikubaaqudgha
  2047 | D:5      | Received a gift from Kikubaaqudgha
  2060 | D:5      | Found a snail-covered altar of Cheibriados.
  2165 | D:5      | Reached XP level 7. HP: 35/35 MP: 8/8
  2251 | D:5      | Found Zyxeazeh's Specific Store.
  2257 | D:5      | Found Weecs's General Store.
  2275 | D:5      | Found a white marble altar of Elyvilon.
  2466 | D:5      | Found a burning altar of Makhleb.
  2472 | D:5      | Reached skill level 7 in Necromancy
  2606 | D:5      | Found a hide-covered altar of Uskayaw.
  2637 | D:5      | Noticed Pikel
  2684 | D:5      | Killed Pikel
  2685 | D:5      | Reached skill level 8 in Necromancy
  2685 | D:5      | Gained mutation: You have razor-sharp teeth. [Vine Stalker
                  | growth]
  2685 | D:5      | Reached XP level 8. HP: 33/39 MP: 6/12
  2704 | D:5      | Learned a level 3 spell: Vampiric Draining
  2709 | D:5      | Learned a level 4 spell: Animate Dead
  2853 | D:6      | Reached **** piety under Kikubaaqudgha
  2931 | D:6      | Found a shadowy altar of Dithmenos.
  3479 | D:5      | Bought a +6 ring of intelligence for 396 gold pieces
  3496 | D:5      | Learned a level 5 spell: Borgnjor's Vile Clutch
  3501 | D:5      | Learned a level 4 spell: Dispel Undead
  3682 | D:7      | Reached skill level 5 in Spellcasting
  3697 | D:7      | Reached skill level 5 in Earth Magic
  3697 | D:7      | Reached XP level 9. HP: 40/43 MP: 14/17
  3800 | D:8      | Reached skill level 1 in Poison Magic
  3838 | D:8      | Noticed a hornet
  3845 | D:8      | Killed a hornet
  4044 | D:8      | Learned a level 4 spell: Olgreb's Toxic Radiance
  4173 | D:9      | Noticed a death yak
  4244 | D:9      | Reached skill level 5 in Poison Magic
  4304 | D:9      | Noticed a death yak
  4313 | D:9      | Noticed a death yak
  4316 | D:9      | Killed a death yak
  4317 | D:9      | Reached skill level 1 in Hexes
  4317 | D:9      | Reached XP level 10. HP: 49/49 MP: 3/23
  4330 | D:9      | Killed a death yak
  4331 | D:9      | Killed a death yak
  4332 | D:9      | Reached skill level 9 in Necromancy
  4353 | D:9      | Reached skill level 10 in Necromancy
  4358 | D:9      | Learned a level 4 spell: Anguish
  4361 | D:9      | Found a staircase to the Lair.
  4455 | D:9      | Gained mutation: You occasionally lose the ability to read
                  | scrolls when taking damage. [potion of mutation]
  4455 | D:9      | Gained mutation: Your magical capacity is low. (-10% MP)
                  | [potion of mutation]
  4455 | D:9      | Gained mutation: You have a pair of small antennae on your
                  | head. [potion of mutation]
  4456 | D:9      | Lost mutation: You occasionally lose the ability to read
                  | scrolls when taking damage. [potion of mutation]
  4456 | D:9      | Lost mutation: Your magical capacity is low. (-10% MP)
                  | [potion of mutation]
  4456 | D:9      | Lost mutation: You have a pair of small antennae on your
                  | head. [potion of mutation]
  4540 | D:10     | Entered Level 10 of the Dungeon
  4652 | D:10     | Reached XP level 11. HP: 38/52 MP: 3/25
  4756 | D:10     | Reached skill level 10 in Spellcasting
  4777 | D:10     | Reached skill level 1 in Ice Magic
  4777 | D:10     | Found a sacrificial altar of Ru.
  4879 | D:10     | Found a glowing silver altar of Zin.
  4949 | D:11     | Learned a level 6 spell: Simulacrum
  5024 | D:11     | Found a portal to a secret trove of treasure.
  5168 | D:11     | Found a staircase to the Orcish Mines.
  5233 | Orc:1    | Entered Level 1 of the Orcish Mines
  5312 | Orc:2    | Entered Level 2 of the Orcish Mines
  5313 | Orc:2    | Reached ***** piety under Kikubaaqudgha
  5313 | Orc:2    | Noticed an orc warlord
  5314 | Orc:2    | Noticed an orc sorcerer
  5343 | Orc:2    | Killed an orc sorcerer
  5344 | Orc:2    | Reached skill level 5 in Ice Magic
  5344 | Orc:2    | Noticed an orc sorcerer
  5372 | Orc:2    | Killed an orc warlord
  5373 | Orc:2    | Noticed an orc knight
  5551 | Orc:2    | Noticed an orc high priest
  5556 | Orc:2    | Noticed a sixfirhy
  5556 | Orc:2    | Noticed Azrael
  5641 | Lair:1   | Entered Level 1 of the Lair of Beasts
  5684 | Lair:1   | Identified a scroll of acquirement
  5685 | Lair:1   | Acquired 578 gold pieces
  5692 | Lair:1   | Noticed Erica
  5711 | Lair:1   | Killed Erica
  5737 | Lair:1   | Noticed Prince Ribbit
  5762 | Lair:1   | Killed Prince Ribbit
  5787 | Lair:1   | Noticed Harold
  5796 | Lair:1   | Killed Harold
  5797 | Lair:1   | Reached XP level 12. HP: 56/56 MP: 14/27
  5800 | Lair:1   | Learned a level 2 spell: Blink
  6034 | D:3      | Bought the ring "Ruegaom" {rC+ Int+6 Dex+10} for 994 gold
                  | pieces
  6251 | Lair:2   | Found a staircase to the Shoals.
  6398 | Lair:2   | Identified the +6 trident of Webinuhe {venom, rN+}
  6489 | Lair:2   | Reached skill level 5 in Fighting
  6609 | Lair:2   | Acquired the ring of Kiuden {rPois Will+ rCorr Str-4 Int+9}
  6900 | Lair:3   | Reached XP level 13. HP: 58/68 MP: 11/30
  6945 | Lair:3   | Reached ****** piety under Kikubaaqudgha
  6988 | Lair:3   | Received a gift from Kikubaaqudgha
  7005 | Lair:3   | Reached skill level 5 in Dodging
  7036 | Lair:3   | Found a hole to the Spider Nest.
  7037 | Lair:3   | Upgraded the game from 0.30-a0-737-gf23d94013f to
                  | 0.30-a0-738-g116ff8c4af
  7264 | Lair:4   | Reached skill level 11 in Necromancy
  7317 | Lair:4   | Found a transporter.
  7319 | Lair:4   | Found a transporter.
  7368 | Lair:4   | Reached skill level 12 in Necromancy
  7427 | Lair:4   | Found a staircase to the Slime Pits.
  7439 | Lair:5   | Entered Level 5 of the Lair of Beasts
  7660 | Lair:5   | Reached skill level 1 in Summonings
  7784 | Lair:5   | Reached XP level 14. HP: 73/73 MP: 1/31
  7790 | Lair:5   | Reached skill level 13 in Necromancy
  7792 | Lair:5   | Reached skill level 1 in Polearms
  8086 | Lair:5   | Reached skill level 5 in Polearms
  8238 | Lair:5   | Identified the +3 hand axe "Kiffus" {venom, Fragile rElec
                  | Stlth+}
  8370 | Spider:1 | Entered Level 1 of the Spider Nest
  8400 | Spider:1 | Identified the +1 kite shield of Fortification {Rampage
                  | Regen+ Str+3}
  8400 | Spider:1 | Noticed Donald
  8407 | Spider:1 | Killed Donald
  8450 | Spider:1 | Noticed an emperor scorpion
  8455 | Spider:1 | Killed an emperor scorpion
  8461 | Spider:1 | Noticed Asterion
  8464 | Spider:1 | Noticed a balrug
  8468 | Spider:1 | Killed Asterion
  8570 | Spider:2 | Noticed Arachne
  8580 | Spider:2 | Killed Arachne
  8581 | Spider:2 | Reached skill level 5 in Shields
  8581 | Spider:2 | Noticed an emperor scorpion
  8589 | Spider:2 | Killed an emperor scorpion
  8673 | Spider:2 | Reached XP level 15. HP: 77/77 MP: 32/32
  8827 | Spider:4 | Entered Level 4 of the Spider Nest
  9288 | Spider:4 | Killed a ghost moth
  9448 | Spider:4 | Noticed an emperor scorpion
  9449 | Spider:4 | Noticed an emperor scorpion
  9453 | Spider:4 | Noticed an emperor scorpion
  9495 | Spider:4 | Noticed an emperor scorpion
  9646 | Spider:4 | Slain by a ghost moth

Illustrated notes

Levels and vault maps discovered:
D:1:      matt_arrival_refuge, layout_rooms, minmay_box_of_dots
D:2:      layout_rooms, minmay_misc_feat_rows, minmay_bisected, uniq_robin,
          uniq_jessica
D:3:      layout_loops_corners, led_sif_pool, serial_shops,
          nicolae_shop_statue_plus, uniq_crazy_yiuf_cottage
D:4:      layout_rooms, minmay_temple_entry_statues_fountains,
          kennysheep_cross_bottleneck, st_stairs_11, interstate_on_off
D:5:      layout_cave_pools, nicolae_kikubaaqudgha_miasma_corner,
          elyvilon_altar_5, mainiacjoe_overflow_alcove_1,
          nicolae_overflow_hidden_temple, mainiacjoe_overflow_swirl,
          nicolae_specific_store, guppyfry_shop_venom, uniq_grinder, uniq_pikel
D:6:      layout_rooms, kennysheep_mini, portal_sewer_entry_b,
          corexii_hall_statues_t
D:7:      layout_basic
D:8:      layout_cave_pools, chequers_serial_rivers_large_a,
          david_defended_altar_orc
D:9:      layout_loops_ring, lemuel_doored_altar, dpeg_lair_monsters,
          serial_bayou_crossing
D:10:     layout_rooms, lemuel_round_altar, mainiacjoe_overflow_brackets,
          minmay_misc_feat_four_crosses
D:11:     layout_roguey, david_orc_2, serial_shops,
          nicolae_shop_temple_entry_statues_fountains, serial_bayou,
          serial_bayou_pond_b, serial_bayou_ford_a, serial_bayou_pond_d,
          serial_bayou_pond_d, serial_bayou_shore_b, trove_entry_hex_spiral,
          uniq_fannar
Lair:1:   layout_chaotic_city, uniq_sonja, uniq_harold, uniq_prince_ribbit2,
          uniq_erica
Lair:2:   layout_chaotic_city, minmay_shoals_entry_centaurs, disabler_island
Lair:3:   layout_chaotic_city, nicolae_spider_entry_orb_guardian,
          fungi_pond_lemuel, serial_bayou_pond_a, gammafunk_lair_bear_cave
Lair:4:   layout_regular_city, dpeg_slime_entry_enclosed, gammafunk_ghost_hive,
          wad_woods_road_05
Lair:5:   evilmike_catoblepas_cave, layout_small_grid, serial_bayou_shore_a
Spider:1: layout_spider_delve, uniq_donald, uniq_asterion
Spider:2: layout_cave_pods, hangedman_spider_tarantella_strand, uniq_arachne
Spider:3: layout_spider_delve
Spider:4: spider_rune_water
Orc:1:    layout_diamond_mine
Orc:2:    pf_orc_diabolical, layout_diamond_mine,
          gammafunk_ghost_fury_of_okawaru, mines2_lemuel, uniq_azrael

Skill      XL: |  1  2  3  4  5  6  7  8  9 10 11 12 13 14 15 |
---------------+----------------------------------------------+-----
Short Blades   | 2 |  2.0
Necromancy     | 1 3 4 5 6 8 10 12 13 | 13.6
Spellcasting   | 2 5 8 9 10 12 | 12.0
Earth Magic    | 3 5 |  5.0
Fighting       | 3 8 |  8.0
Dodging        | 2 3 6 |  6.0
Poison Magic   | 5 |  5.0
Hexes          | 1 4 |  4.0
Ice Magic      | 8 9 |  9.0
Summonings     | 2 |  2.7
Polearms       | 6 |  6.0
Shields        | 6 9 |  9.9
Stealth        | |  6.1

Action                     |  1- 3 |  4- 6 |  7- 9 | 10-12 | 13-15 || total
---------------------------+-------+-------+-------+-------+-------++-------
  Melee: Short sword       |   150 |    33 |       |       |       ||   183
         Bite              |    30 |    40 |    63 |    40 |    36 ||   209
         Punch             |       |     1 |       |     2 |       ||     3
         Quarterstaff      |       |    44 |     6 |       |       ||    50
         Dagger            |       |    52 |   176 |     7 |       ||   235
         Trident           |       |       |       |   122 |    70 ||   192
         Staff             |       |       |       |       |     5 ||     5
         Demon trident     |       |       |       |       |    28 ||    28
  Throw: Boomerang         |       |       |     5 |       |       ||     5
         Dart              |       |       |     5 |     4 |     1 ||    10
         Throwing net      |       |       |     1 |       |     2 ||     3
         Javelin           |       |       |       |     3 |       ||     3
   Cast: Animate Dead      |       |       |    12 |    15 |    12 ||    39
         Vampiric Draining |       |       |     5 |       |       ||     5
         Borgnjor's Vile C |       |       |     5 |    10 |    24 ||    39
         Dispel Undead     |       |       |     3 |     2 |       ||     5
         Olgreb's Toxic Ra |       |       |     2 |    28 |    14 ||    44
         Anguish           |       |       |       |    25 |    17 ||    42
         Simulacrum        |       |       |       |    13 |    42 ||    55
 Invoke: Unearth Wretches  |       |       |     5 |     2 |    14 ||    21
         Receive Forbidden |       |       |       |       |     1 ||     1
  Evoke: Wand              |       |       |     3 |    13 |    12 ||    28
         Phantom mirror    |       |       |       |       |     1 ||     1
    Use: Scroll            |     4 |     2 |     2 |    18 |    10 ||    36
         Potion            |       |     1 |       |     7 |     4 ||    12
   Stab: Paralysed         |       |       |     4 |     1 |    11 ||    16
         Distracted        |       |       |       |     4 |     1 ||     5
         Sleeping          |       |       |       |     1 |       ||     1
 Armour: Chain mail        |    93 |   113 |   100 |       |       ||   306
         Robe              |       |       |    30 |    57 |       ||    87
         Troll leather arm |       |       |       |     3 |    42 ||    45
  Dodge: Dodged            |    49 |    35 |   101 |   123 |   101 ||   409
  Block: Kite shield       |       |       |       |       |    29 ||    29

Table legend: (Time is in decaauts)
 A = Elapsed time spent in this place.
 B = Non-inter-level travel time spent in this place.
 C = Inter-level travel time spent in this place.
 D = Time resting spent in this place.
 E = Time spent auto-exploring this place.
 F = Levels seen in this place.
 G = Mean time per level.
                   A        B        C        D        E       F      G
               +--------+--------+--------+--------+--------+-----+--------+
         Total |  10055 |   7410 |   2645 |    435 |     42 |  22 |  457.0 |
       Dungeon |   5719 |   4150 |   1569 |     72 |     42 |  11 |  519.9 |
          Lair |   2654 |   1808 |    846 |     49 |      0 |   5 |  530.8 |
   Spider Nest |   1336 |   1141 |    195 |    211 |      0 |   4 |  334.0 |
  Orcish Mines |    343 |    309 |     34 |    103 |      0 |   2 |  171.5 |
               +--------+--------+--------+--------+--------+-----+--------+

Top non-repeatable levels by time:
Spider:4: 843 daAuts
  Lair:5: 840 daAuts
     D:5: 752 daAuts
     D:3: 737 daAuts
     D:6: 725 daAuts
  Lair:3: 606 daAuts
  Lair:2: 520 daAuts
     D:1: 488 daAuts
     D:9: 470 daAuts
     D:8: 469 daAuts
    D:10: 451 daAuts
     D:2: 440 daAuts
     D:4: 436 daAuts
  Lair:4: 378 daAuts
     D:7: 377 daAuts
